Map: Catalyst LE

Players

Wolfgang

  • Race: Zerg Zerg
  • League: Silver
  • Spawn Location: 11:00

Originalien - Winner!

  • Race: Zerg Zerg
  • League: Silver
  • Spawn Location: 5:00

VOD

Have the link to the VOD?

Description

A game certain to be lost, with the ultimate come back

Time

  • Played on: Feb. 9, 2018, 11:55 a.m.
  • Length: 25:07
Show
View Real Time Build Order
Export as new Build Order

Wolfgang Zerg 

Build Orders: Pool First 

Get SALT Encoding   

  12  0:28  Overlord  
  12  0:29  Spawning Pool  
  11  0:58  Drone x2  
  13  1:23  Zergling x6  
  16  1:37  Spine Crawler  
  15  1:40  Spine Crawler  
  14  1:51  Queen  
  14  1:52  Hatchery  
  15  1:57  Drone  
  16  2:03  Drone  
  16  2:06  Drone  
  15  3:03  Drone x3  
  18  3:08  Queen  
  20  3:27  Spine Crawler  
  19  3:30  Spine Crawler, Drone  
  19  3:31  Drone x4  
  23  3:38  Extractor  
  22  3:44  Extractor  
  21  3:52  Drone  
  21  3:53  Drone x5  
  27  3:56  Extractor x2  
  25  4:16  Drone x3  
  28  4:22  Overlord  
  28  4:46  Drone x8  
  36  4:54  Lair  
  36  5:11  Overlord x4  
  36  5:31  Drone x6  
  36  5:32  Drone x2  
  44  5:44  Overlord x2  
  44  5:54  Spore Crawler  
  43  6:10  Spire  
  42  6:11  Spire  
  41  6:19  Spore Crawler  
  41  6:23  Spore Crawler  
  39  6:31  Drone  
  39  6:32  Drone x9  
  49  7:23  Zerg Flyer Weapons Level 1, Zerg Flyer Armor Level 1  
  49  7:25  Mutalisk  
  49  7:26  Mutalisk x9  
  69  7:49  Hatchery  
  68  7:57  Mutalisk  
  68  7:58  Mutalisk x3  
  70  8:03  Overlord x6  
  76  8:40  Queen  
  78  9:20  Drone  
  78  9:21  Drone x18  
  97  9:41  Mutalisk x7  
  111  9:46  Zerg Flyer Weapons Level 2  
  111  9:47  Zerg Flyer Armor Level 2  
  111  10:01  Extractor  
  111  10:05  Extractor  
  111  10:06  Lair x2  
  75  11:20  Mutalisk  
  75  11:21  Mutalisk x8  
  93  12:01  Hatchery, Infestation Pit  
  92  12:02  Extractor  
  92  12:04  Extractor  
  81  12:18  Zergling x18  
  81  12:19  Zergling x36  
  108  12:43  Hive x3  
  69  13:36  Zergling x2  
  69  13:37  Zergling x22  
  75  13:57  Ultralisk Cavern  
  74  14:07  Evolution Chamber x2  
  72  14:18  Zergling x20  
  72  14:19  Zergling x10  
  87  14:34  Queen  
  89  14:43  Zerg Melee Weapons Level 1  
  89  14:44  Zerg Ground Armor Level 1  
  89  14:45  Chitinous Plating  
  89  14:49  Ultralisk  
  89  14:50  Ultralisk x8  
  143  14:58  Overlord x11  
  143  15:11  Drone  
  144  15:16  Lair  
  144  15:47  Ultralisk x6  
  166  16:26  Hatchery  
  166  16:27  Extractor, Overseer x2  
  166  16:28  Extractor  
  166  16:31  Overseer x4  
  155  16:37  Overlord  
  155  16:38  Overlord x14  
  108  17:21  Ultralisk  
  108  17:22  Ultralisk x3  
  132  17:43  Spore Crawler  
  124  17:50  Spine Crawler  
  120  18:20  Hatchery  
  119  18:46  Hatchery  
  118  19:11  Lair  
  118  19:19  Drone x10  
  128  19:24  Drone  
  128  19:28  Drone  
  128  19:30  Drone  
  131  19:33  Drone  
  131  19:35  Drone  
  133  19:56  Zerg Melee Weapons Level 2, Zerg Ground Armor Level 2  
  133  20:42  Pneumatized Carapace  
  133  20:43  Burrow  
  133  20:44  Lair  
  133  20:46  Lair  
  133  20:53  Mutalisk x5  
  133  20:54  Mutalisk x10  
  53  22:13  Ultralisk x2  
  53  22:15  Zergling x16  
  68  22:16  Zergling x16  
  75  22:51  Extractor  
  57  23:10  Drone  
  57  23:11  Drone x11  
  48  23:38  Hatchery  
  29  24:00  Drone  
  29  24:01  Drone x11  
  38  24:12  Mutalisk  
  38  24:13  Mutalisk x3  
  43  24:24  Mutalisk  
Show
View Real Time Build Order
Export as new Build Order

Originalien Zerg - Winner!

Build Orders: Pool First, Lurkers 

Get SALT Encoding   

  12  0:03  Drone  
  13  0:23  Spawning Pool  
  13  0:26  Extractor  
  11  0:29  Drone  
  13  0:35  Drone  
  13  0:37  Drone  
  14  1:10  Hatchery  
  13  1:18  Overlord  
  13  1:28  Drone  
  14  1:34  Overlord  
  14  1:52  Drone x3  
  17  2:19  Zergling x4  
  19  2:28  Zergling x4  
  16  2:42  Drone x2  
  16  2:57  Spine Crawler  
  15  3:00  Zergling x2  
  16  3:14  Spine Crawler  
  16  3:15  Drone  
  16  3:23  Drone x2  
  18  3:28  Drone  
  18  3:33  Drone  
  20  3:59  Overlord  
  20  4:01  Queen  
  20  4:02  Queen  
  24  4:13  Baneling Nest  
  22  4:33  Metabolic Boost  
  22  4:37  Pneumatized Carapace  
  22  4:38  Drone x4  
  26  4:49  Spine Crawler  
  27  4:52  Drone x2  
  27  5:20  Drone x8  
  35  5:41  Drone x5  
  40  5:53  Extractor  
  40  5:56  Spore Crawler  
  38  6:13  Drone  
  38  6:14  Drone x4  
  38  6:18  Extractor  
  42  6:22  Extractor, Lair  
  41  6:42  Evolution Chamber  
  41  6:45  Evolution Chamber  
  39  6:52  Overlord x6  
  39  7:18  Drone x2  
  41  7:24  Overseer  
  41  7:25  Overseer  
  41  7:56  Zerg Ground Armor Level 1, Zerg Melee Weapons Level 1  
  41  8:03  Spore Crawler, Drone x7  
  41  8:05  Spore Crawler x2  
  45  8:10  Drone x3  
  48  8:20  Hatchery  
  47  8:46  Spore Crawler  
  46  8:49  Spore Crawler x2  
  46  8:50  Spore Crawler  
  46  8:52  Spore Crawler  
  41  8:57  Queen x2  
  45  9:11  Spore Crawler  
  45  9:13  Spore Crawler x2  
  45  9:14  Drone x6, Spore Crawler  
  45  9:15  Drone x10  
  57  9:22  Spore Crawler  
  57  9:23  Spore Crawler  
  55  9:26  Drone x3  
  58  9:38  Hydralisk Den  
  57  9:52  Zerg Missile Weapons Level 1, Zerg Ground Armor Level 2  
  57  9:54  Centrifical Hooks  
  57  10:08  Grooved Spines  
  57  10:10  Hydralisk x7  
  71  10:21  Lurker Den  
  50  11:16  Drone x2  
  50  11:17  Hydralisk x5  
  50  11:18  Hydralisk x6  
  74  11:28  Spore Crawler x3  
  74  11:31  Spore Crawler  
  74  11:32  Spore Crawler x2  
  69  11:34  Spore Crawler  
  69  11:39  Overlord x3  
  67  11:52  Lurker x4  
  67  11:53  Lurker x3, Hatchery  
  73  11:55  Hydralisk  
  73  11:56  Overlord  
  73  11:57  Overlord x5  
  75  12:18  Hydralisk x4  
  83  12:47  Hatchery  
  71  13:29  Hydralisk  
  71  13:30  Hydralisk x12  
  71  13:32  Zergling x2  
  88  13:34  Zergling x2  
  89  13:56  Drone x8  
  89  13:59  Queen  
  99  14:07  Drone x3  
  103  14:10  Drone  
  103  14:14  Drone  
  103  14:15  Drone  
  105  14:18  Drone  
  105  14:22  Drone  
  105  14:24  Drone  
  108  14:27  Extractor  
  107  14:33  Spore Crawler  
  107  14:36  Spore Crawler  
  107  14:38  Spore Crawler  
  104  14:40  Spore Crawler x2  
  102  14:46  Spore Crawler  
  102  14:47  Drone  
  102  14:48  Drone  
  102  14:49  Spore Crawler  
  102  14:55  Muscular Augments  
  102  15:04  Zerg Missile Weapons Level 2, Infestation Pit  
  101  15:19  Zergling x14  
  101  15:21  Zergling x2  
  109  15:40  Hatchery  
  108  15:52  Hydralisk x4  
  108  15:53  Hydralisk x6  
  128  16:00  Baneling x4  
  126  16:39  Spine Crawler  
  73  17:23  Hydralisk x12  
  97  17:47  Burrow  
  86  18:11  Drone x15  
  100  18:14  Queen x3  
  108  18:21  Hive  
  106  18:28  Overseer x2  
  106  18:30  Spire  
  106  18:31  Spire  
  106  18:32  Lurker  
  106  18:33  Lurker x4  
  106  18:34  Lurker x7  
  116  18:44  Extractor  
  115  19:00  Extractor  
  115  19:02  Extractor  
  113  19:07  Hatchery, Extractor  
  111  19:13  Extractor  
  110  19:17  Nydus Network  
  109  19:38  Hatchery  
  108  19:40  Queen  
  108  19:43  Greater Spire  
  110  19:47  Zerg Melee Weapons Level 2  
  110  19:48  Zerg Ground Armor Level 3  
  110  20:45  Corruptor x2  
  110  20:46  Corruptor x5  
  110  20:47  Corruptor  
  110  20:48  Zergling x2  
  110  20:49  Zergling x38  
  148  20:50  Zergling x4  
  148  21:02  Adrenal Glands  
  129  21:49  Corruptor x3  
  117  22:35  Queen  
  107  22:51  Hatchery, Extractor  
  107  22:54  Extractor  
  97  23:09  Corruptor  
  97  23:10  Corruptor x3  
  97  23:11  Zergling x16  
  97  23:12  Zergling x50  
  138  23:13  Zergling x6  
  138  23:15  Drone  
Tags
 
Composition
Lurkers
Matchup
ZvZ
Race
Zerg
Spawn Locations
Cross Positions
Add a new tag
Caveats
  • Supply blocks, unpowered buildings, or Contaminate may cause inaccurate times.
  • Supply counts are checked every 10 seconds.